 Dungeon Crawl Stone Soup version 0.25-a0-822-g6581751b11 (webtiles) character file.

Game seed: 2263677016417663264, levelgen mode: deterministic

65 Error4North the Skirmisher (level 4, 0/40 HPs)
             Began as a Hill Orc Fighter on Apr 20, 2020.
             Slain by a gnoll
             ... wielding a +0 spear
              (8 damage)
             ... on level 2 of the Dungeon.
             The game lasted 00:02:46 (1281 turns).

Error4North the Skirmisher (Hill Orc Fighter)       Turns: 1281, Time: 00:02:47

Health: 0/40       AC:  7    Str: 19    XL:     4   Next: 13%
Magic:  4/4        EV:  7    Int:  8    God:
Gold:   185        SH:  9    Dex: 10    Spells: 3/3 levels left

rFire    . . .     SeeInvis .   a - +0 war axe
rCold    . . .     Gourm    .   c - +0 kite shield
rNeg     . . .     Faith    .   b - +0 scale mail
rPois    .         Spirit   .   (no helmet)
rElec    .         Reflect  .   (no cloak)
rCorr    .         Harm     .   (no gloves)
MR       .....                  (no boots)
Stlth    ..........             (no amulet)
HPRegen  0.13/turn              (no ring)
MPRegen  0.09/turn              (no ring)

@: no status effects
A: no striking features
a: no special abilities


You were on level 2 of the Dungeon.
You were very hungry.

You visited 1 branch of the dungeon, and saw 2 of its levels.

You collected 185 gold pieces.

Inventory:

Hand Weapons
 a - a +0 war axe (weapon)
Armour
 b - a +0 scale mail (worn)
 c - a +0 kite shield (worn)
Scrolls
 d - a scroll of remove curse {unknown}
 e - a scroll of immolation {unknown}
 h - a scroll of blinking {unknown}
 i - 3 scrolls of identify {unknown}
 j - a scroll of fear {unknown}
Potions
 g - a potion of cancellation {unknown}
Comestibles
 f - 3 rations


   Skills:
 * Level 4.1 Fighting
 + Level 3.6 Axes
 * Level 3.9 Armour
 * Level 4.1 Shields


You had 3 spell levels left.
You didn't know any spells.
Your spell library was empty.

Dungeon Overview and Level Annotations

Branches:
Dungeon (2/15)

Altars:


Message History

The gnoll hits you from afar with a +0 spear.
You hit the gnoll.
The gnoll is moderately wounded.
The gnoll barely misses you. The gnoll hits you with a +0 club.
The gnoll hits you but does no damage.
You slash the gnoll!
You kill the gnoll!
Your Shields skill increases to level 4!
You have reached level 4!
The gnoll hits you from afar with a +0 spear.
* * * LOW HITPOINT WARNING * * *
The gnoll completely misses you. You block the gnoll's attack. x2
The gnoll hits you but does no damage. x2
Things that are here:
a +0 club; a +0 flail You closely miss the gnoll. x2; The gnoll hits you with a +0 spear.
* * * LOW HITPOINT WARNING * * *
You block the gnoll's attack.
You closely miss the gnoll. x2; The gnoll hits you with a +0 spear!
You die...

#. ### #. #####
##.#####. ...#
##........
####.#####.....###.
#..............# #.
#.##.#######.### #.
#.###.##.# #.# #.
#....g@..# #.# #.
#####g#### ##'## #.
#. ##...## #. #.
##..g.รท###. #.
##...###.##.
##...####g...#
#..#.
#....g.<'...##
##.'. .#...####..##
#### ... ##.#


You could see 2 gnolls.

Vanquished Creatures
  An adder (D:1)
  2 gnolls (D:2)
  A dart slug (D:1)
  A leopard gecko (D:1)
  5 bats
  7 hobgoblins
  A frilled lizard (D:1)
  5 goblins
  5 kobolds (D:1)
  5 rats
  A fungus (D:1)
34 creatures vanquished.

Vanquished Creatures (others)
  3 toadstools (D:1)
3 creatures vanquished.

Grand Total: 37 creatures vanquished

Notes
Turn   | Place    | Note
-------+----------+-------------------------------------------
     0 | D:1      | Error4North the Hill Orc Fighter began the quest for the
                  | Orb.
     0 | D:1      | Reached XP level 1. HP: 19/19 MP: 1/1
    85 | D:1      | Reached XP level 2. HP: 13/27 MP: 2/2
   546 | D:1      | Reached XP level 3. HP: 33/33 MP: 3/3
   819 | D:1      | HP: 1/33 [kobold (2)]
  1278 | D:2      | Reached XP level 4. HP: 12/40 MP: 4/4
  1281 | D:2      | Slain by a gnoll

Levels and vault maps discovered:
D:1:      eino_arrival_cavern_a, layout_loops_ring, minmay_gold_behind_fungi
D:2:      layout_loops_corners, lemuel_coloured_pillars_altar,
          chequers_temple_overflow_minitemple, first_ration

Skill      XL: |  1  2  3 |
---------------+----------+-----
Fighting       | 4 |  4.1
Axes           | 3 |  3.6
Shields        | 4 |  4.1
Armour         | |  3.9

Action                   |  1- 3 |  4- 6 || total
-------------------------+-------+-------++-------
Melee: War axe           |    93 |     2 ||    95
  Use: Potion            |     1 |       ||     1
Armor: Scale mail        |    50 |     2 ||    52
Dodge: Dodged            |    45 |     1 ||    46
Block: Kite shield       |    59 |     3 ||    62

Table legend:
 A = Non-vault XP
 B = Vault XP
 C = Vault XP percentage of total XP
 D = Non-vault monster count
 E = Vault monster count
 F = Vault count percentage of total count
                 A         B        C        D         E       F
            +---------+---------+-------+---------+---------+-------
      Total |      93 |       0 |   0.0 |      33 |       0 |   0.0
            +---------+---------+-------+---------+---------+-------
        D:1 |      57 |       0 |   0.0 |      26 |       0 |   0.0
        D:2 |      36 |       0 |   0.0 |       7 |       0 |   0.0
            +---------+---------+-------+---------+---------+-------
